 Dungeon Crawl Stone Soup version 0.27.0-66-gdc8fb28755 (webtiles) character file.

Game seed: 16004767927594298066

353 funkygono the Firebug (level 6, -4/34 HPs)
             Began as a Gargoyle Fire Elementalist on Aug 19, 2021.
             Slain by Grinder (5 damage)
             ... while paralysed by Grinder
             ... on level 3 of the Dungeon.
             The game lasted 00:06:18 (3821 turns).

funkygono the Firebug (Gargoyle Fire Elementalist)  Turns: 3821, Time: 00:06:18

Health: -4/34      AC:  7    Str: 11    XL:     6   Next: 62%
Magic:  8/11       EV:  2    Int: 18    God:
Gold:   95         SH:  0    Dex: 10    Spells: 3/11 levels left

rFire    + . .     SeeInvis .   e - +0 whip
rCold    + . .     Faith    .   (no shield)
rNeg     + . .     Spirit   .   a - +0 robe
rPois    ∞         Reflect  .   p - +0 helmet
rElec    +         Harm     .   g - scarf {rC+ rF+}
rCorr    .         Rampage  .   (no gloves)
Will     .....                  (no boots)
Stlth    ++........             (no amulet)
HPRegen  0.11/turn              (no ring)
MPRegen  0.12/turn              (no ring)

@: paralysed
A: sickness immunity, AC +4, negative energy resistance 1, electricity
resistance, torment resistance 1, petrification resistance
a: no special abilities


You were on level 3 of the Dungeon.
You visited 1 branch of the dungeon, and saw 3 of its levels.

You collected 95 gold pieces.

Inventory:

Hand Weapons
 e - a +0 whip (weapon)
Missiles
 d - 43 stones
Armour
 a - a +0 robe (worn)
 g - a scarf of resistance (worn)
 p - a +0 helmet (worn)
Wands
 m - a wand of iceblast (4)
Scrolls
 f - a scroll of enchant armour {unknown}
 h - a scroll of magic mapping {unknown}
 k - 3 scrolls of identify {unknown}
Potions
 b - a potion of heal wounds {unknown}
 c - a potion of degeneration {unknown}
 i - a potion of lignification {unknown}
 j - a potion of mutation {unknown}
 l - a potion of might {unknown}
 n - a potion of magic {unknown}
 o - a potion of berserk rage {unknown}


   Skills:
 + Level 1.5 Fighting
 + Level 0.4 Maces & Flails
 + Level 2.4 Dodging
 - Level 2.1 Stealth
 + Level 3.4 Spellcasting
 + Level 2.9 Conjurations
 + Level 5.0 Fire Magic


You had 3 spell levels left.
You knew the following spells:

 Your Spells              Type           Power      Damage    Failure   Level
a - Foxfire               Conj/Fire      68%        2x1d7     3%          1
b - Conjure Flame         Conj/Fire      17%        6-21      9%          3
c - Sticky Flame          Conj/Fire      17%        2d4       30%         4

Your spell library contained the following spells:

 Spells                   Type           Power      Damage    Failure   Level
 Animate Skeleton         Necr           6%         N/A       16%         1
 Apportation              Tloc           6%         N/A       16%         1
 Corona                   Hex            3%         N/A       16%         1
 Summon Small Mammal      Summ           12%        N/A       16%         1
 Inner Flame              Hex/Fire       12%        N/A       17%         3
 Fireball                 Conj/Fire      8%         3d6       63%         5


Dungeon Overview and Level Annotations

Branches:
Dungeon (3/15)

Altars:
Xom

Annotations:
D:3 2 runed translucent doors, Grinder


Innate Abilities, Weirdness & Mutations

You are immune to sickness and miasma.
Your stone body is resilient. (AC +4)
You are immune to poison.
You resist negative energy. (rN+)
You are resistant to electric shocks. (rElec)
You are resistant to unholy torment.
You are immune to petrification.


Message History

Casting: Foxfire (safe; 3% risk of failure)
Confirm with . or Enter, or press ? or * to list all spells.
You conjure some foxfire!
Grinder hits you.
* * * LOW HITPOINT WARNING * * *
The foxfire hits Grinder!
Grinder is moderately wounded.
The foxfire hits Grinder.
Grinder is heavily wounded.
Grinder gestures at you.
You barely resist.
Casting: Foxfire (safe; 3% risk of failure)
Confirm with . or Enter, or press ? or * to list all spells.
You conjure some foxfire!
The foxfire hits Grinder but does no damage.
Grinder is heavily wounded.
The foxfire hits Grinder but does no damage.
Grinder is heavily wounded.
Casting: Foxfire (safe; 3% risk of failure)
Confirm with . or Enter, or press ? or * to list all spells.
You conjure some foxfire!
Grinder gestures at you.
You suddenly lose the ability to move!
The foxfire hits Grinder.
Grinder is severely wounded.
The foxfire hits Grinder.
Grinder is severely wounded.
Grinder says, "You look like you could use a good racking."
Grinder hits you.
* * * LOW HITPOINT WARNING * * *
You writhe in agony.
* * * LOW HITPOINT WARNING * * *
Grinder gestures at you.
You shrug off the repeated paralysis!
Grinder hits you but does no damage. Grinder hits you.
* * * LOW HITPOINT WARNING * * *
You writhe in agony.
* * * LOW HITPOINT WARNING * * *
Grinder hits you.
You die...

.######.<#.#
##.###.#####.##.#
........##.# ####...##.#
#.##.# .######.##.#
#.........# #..... .#
#.##.# #.##...##.# #.##..
.# #.##.#
#.###.###.#####.#### .#
#.##.###.###.###.......#
.##
#.#............####.####
).#####.#...............#.#
..).....).......@5#####.#.#
##.#.##)######.##.#
#.#.#### #.###.).# #....#
#...>..#### #..#.####
####.# #.####...>. #.#.##
#.# #.# #.#### #.#.# #..
..# #.# #.#.# ##. #### #.#
.#..# #.#########.#
###.####### #...........#


You could see Grinder.

Vanquished Creatures
  2 scorpions (D:3)
  A hound (D:3)
  Jessica (D:2)
  Ijyb (D:3)
  An orc wizard (D:3)
  Robin (D:3)
  4 adders
  An adder skeleton (D:3)
  6 orcs (D:3)
  7 ball pythons
  4 endoplasms
  4 giant cockroaches (D:1)
  9 goblins
  8 hobgoblins
  6 jackals (D:2)
  A quokka (D:1)
  3 bats
  5 kobolds
  5 rats
70 creatures vanquished.

Vanquished Creatures (others)
  201 foxfires
201 creatures vanquished.

Grand Total: 271 creatures vanquished

Notes
Turn   | Place    | Note
-------+----------+-------------------------------------------
     0 | D:1      | funkygono the Gargoyle Fire Elementalist began the quest
                  | for the Orb.
     0 | D:1      | Reached XP level 1. HP: 10/10 MP: 3/3
   174 | D:1      | Reached XP level 2. HP: 15/15 MP: 3/5
   353 | D:1      | Found a faded altar of an unknown god.
   912 | D:1      | You fall into a shaft and drop 1 floor!
  1038 | D:1      | You fall into a shaft and drop 1 floor!
  1228 | D:1      | Reached XP level 3. HP: 6/19 MP: 3/6
  1232 | D:1      | Learned a level 3 spell: Conjure Flame
  2084 | D:2      | Noticed Jessica
  2089 | D:2      | Killed Jessica
  2090 | D:2      | Reached skill level 4 in Fire Magic
  2090 | D:2      | Reached XP level 4. HP: 24/24 MP: 1/7
  2095 | D:2      | Learned a level 4 spell: Sticky Flame
  2444 | D:3      | Noticed a scorpion
  2463 | D:3      | Killed a scorpion
  2464 | D:3      | Reached skill level 1 in Fighting
  2464 | D:3      | Reached XP level 5. HP: 12/29 MP: 1/9
  2825 | D:3      | Noticed Ijyb
  2839 | D:3      | Killed Ijyb
  2950 | D:3      | Found a large runed translucent door.
  2950 | D:3      | Found a large runed translucent door.
  3014 | D:3      | Found a shimmering altar of Xom.
  3038 | D:3      | Reached XP level 6. HP: 34/34 MP: 6/10
  3512 | D:3      | Noticed Robin
  3534 | D:3      | Killed Robin
  3580 | D:3      | Reached skill level 5 in Fire Magic
  3787 | D:3      | Noticed Grinder
  3800 | D:3      | Paralysed by Grinder for 7 turns
  3816 | D:3      | Paralysed by Grinder for 7 turns
  3820 | D:3      | HP: 1/34 [Grinder (1)]
  3821 | D:3      | Slain by Grinder

Illustrated notes

Levels and vault maps discovered:
D:1:      minmay_arrival_pointy, layout_basic,
          ebering_ecumenical_altar_sacrificial
D:2:      layout_rooms, serial_forest, infiniplex_forest_clump_curved,
          infiniplex_forest_end_1, infiniplex_forest_clump_diagonal,
          infiniplex_forest_lined_3, infiniplex_forest_straight_3,
          infiniplex_forest_diagonal, uniq_jessica
D:3:      due_chaos_kobolds, layout_loops_ring, minmay_fractal_squares_5,
          uniq_ijyb, uniq_grinder, uniq_robin

Skill      XL: |  1  2  3  4  5  6 |
---------------+-------------------+-----
Fire Magic     | 4 5 |  5.0
Fighting       | 1 |  1.5
Dodging        | 2 |  2.4
Conjurations   | 2 |  2.9
Spellcasting   | 3 |  3.4
Maces & Flails | |  0.4
Stealth        | |  2.1

Action                   |  1- 3 |  4- 6 || total
-------------------------+-------+-------++-------
Melee: Club              |    24 |       ||    24
       Whip              |    14 |    72 ||    86
 Cast: Foxfire           |    45 |    80 ||   125
  Use: Scroll            |     1 |     1 ||     2
 Stab: Sleeping          |       |     1 ||     1
Armor: Robe              |    18 |    31 ||    49
Dodge: Dodged            |    53 |    66 ||   119
